AoeStats
← KG.专业开脑壳

Nomad

504428351Analyzed
4v4 RM · 26d ago on Sep 5, 2026· 49m 57s· 8 players
Game mode
Random Map
Map size
231×231
Population
200
Speed
Normal
Resources
Standard
Victory
Conquest
Starting age
Dark Age
Ending age
Imperial Age
RankedLock teamsTeams togetherTeam positionsShared explorationLock speedFull tech treeHidden civsTurbo modeCheats
Victory
Defeat
🇨🇳 Mongols · China
1522
+7
🇨🇳 Persians · China
1390
+12
🇨🇳 Huns · China
1304
+15
🇨🇳 Vietnamese · China
1188
+19
🇨🇳 Mongols · China
1338
-15
🇹🇼 Wu · Taiwan
1287
-13
🇻🇳 Persians · Vietnam
1283
-13
🇨🇳 Malians · China
1260
-12
我的魔法會撕裂你
5:38 Loom
14:19 Feudal Age
15:50 Double-Bit Axe
20:20 Castle Age
20:11 Wheelbarrow
19:36 Horse Collar
19:51 Gold Mining
19:46 Fishing Lines
22:02 Gillnets
23:00 Bow Saw
24:12 Fletching
26:10 Bodkin Arrow
28:40 Ballistics
33:07 Imperial Age
31:03 Scale Mail Armor
31:26 Man-at-Arms
33:39 Chain Mail Armor
33:35 Forging
33:48 Hand Cart
33:08 Long Swordsman
34:00 Stone Mining
35:04 Conscription
35:44 Plate Mail Armor
36:58 Bracer
37:35 Two-Handed Swordsman
38:15 Squires
38:01 Arson
39:33 Iron Casting
38:58 Padded Archer Armor
41:20 Champion
42:35 Pikeman
44:23 Blast Furnace
47:26 Halberdier
48:48 Gold Shaft Mining
48:48 Stone Shaft Mining
48:52 Elite Fire Archer
Ver.Zhang
13:39 Feudal Age
14:07 Double-Bit Axe
14:47 Fishing Lines
17:58 Castle Age
17:14 Gold Mining
18:14 Fletching
19:07 Bow Saw
18:42 Elite Skirmisher
19:21 Bodkin Arrow
19:15 Loom
19:16 Town Watch
20:57 Wheelbarrow
20:23 Stone Mining
21:26 Gillnets
22:53 Padded Archer Armor
29:31 Clinker Construction
30:29 Ballistics
30:45 Wheelbarrow
35:37 Gold Shaft Mining
39:49 Hand Cart
KG.专业开脑壳
5:35 Loom
13:47 Feudal Age
18:23 Double-Bit Axe
32:14 Castle Age
30:45 Stone Mining
32:28 Gold Mining
33:45 Scale Mail Armor
36:54 Wheelbarrow
36:41 Fishing Lines
38:30 Forging
VN_BILL
5:49 Loom
13:12 Feudal Age
13:41 Double-Bit Axe
14:38 Fletching
16:21 Padded Archer Armor
17:22 Forging
30:08 Castle Age
29:21 Horse Collar
30:48 Medium Warships
30:34 Bodkin Arrow
30:50 Bow Saw
06老玩家回归
5:08 Loom
5:12 Loom
22:28 Feudal Age
23:40 Double-Bit Axe
23:38 Fishing Lines
24:47 Wheelbarrow
24:35 Gold Mining
24:35 Stone Mining
27:16 Castle Age
27:08 Bloodlines
27:19 Horse Collar
28:07 Light Cavalry
30:04 Scale Barding Armor
30:33 Forging
32:34 Chain Barding Armor
32:26 Gillnets
32:49 Bow Saw
35:01 Iron Casting
35:42 Town Watch
36:45 Husbandry
45:47 Gold Shaft Mining
45:47 Stone Shaft Mining
45:33 Hand Cart
48:13 Imperial Age
48:15 Cavalier
49:42 Plate Barding Armor
49:41 Conscription
50:48 Blast Furnace
小花花
5:01 Loom
15:54 Feudal Age
20:45 Castle Age
19:22 Double-Bit Axe
19:19 Horse Collar
24:51 Medium Warships
27:22 Fishing Lines
28:09 Gold Mining
28:55 Gillnets
30:31 Stone Mining
31:54 Wheelbarrow
32:46 Hand Cart
40:20 Imperial Age
38:23 Chatras
38:24 Fletching
38:34 Padded Archer Armor
41:03 Thumb Ring
41:58 Heavy Warships
41:33 Elite Rattan Archer
42:34 Paper Money
42:15 Bodkin Arrow
42:36 Leather Archer Armor
44:23 Bracer
47:57 Ring Archer Armor
48:30 Chemistry
47:51 Ballistics
47:42 Fortified Wall
49:41 Forging
49:31 Scale Mail Armor
49:22 Arson
49:38 Squires
49:03 Elite Skirmisher
二号头目
5:47 Loom
13:37 Feudal Age
17:39 Castle Age
15:41 Double-Bit Axe
17:14 Horse Collar
17:29 Fletching
19:00 Bow Saw
23:25 Bodkin Arrow
28:20 Ballistics
28:57 Wheelbarrow
28:56 Padded Archer Armor
35:34 Imperial Age
35:14 Fishing Lines
36:04 Bloodlines
39:51 Husbandry
44:38 Chemistry
45:31 Conscription
46:01 Parthian Tactics
45:53 Thumb Ring
46:50 Elite Mangudai
47:41 Bracer
47:50 Gold Mining
48:49 Leather Archer Armor
49:50 Light Cavalry
50:37 Scale Barding Armor
50:43 Forging
民办大A
4:41 Loom
13:34 Feudal Age
18:55 Castle Age
17:15 Double-Bit Axe
17:11 Horse Collar
17:26 Gold Mining
17:30 Fletching
17:41 Padded Archer Armor
18:40 Bloodlines
19:33 Bodkin Arrow
19:50 Bow Saw
21:38 Ballistics
28:32 Wheelbarrow
35:11 Imperial Age
33:52 Hand Cart
34:23 Scale Barding Armor
34:28 Forging
34:45 Murder Holes
37:06 Chain Barding Armor
36:52 Marauders
36:13 Elite Tarkan
37:18 Conscription
37:34 Husbandry
38:21 Plate Barding Armor
38:26 Iron Casting
39:02 Gold Shaft Mining
Connection lost

Rejoining the realm…

Still unreachable

The connection could not be restored.

Session expired

The server has moved on; the page needs a fresh start.